Map: Proxima Station LE

Players

Semper

  • Race: Terran Terran
  • Spawn Location: 1:00

Kelazhur - Winner!

  • Race: Terran Terran
  • Spawn Location: 7:00

Event: WCS Jonkoping 2017

VOD

Have the link to the VOD?

Description

Time

  • Played on: June 18, 2017, 11:44 a.m.
  • Length: 2:28

All games in this series

Show
View Real Time Build Order
Export as new Build Order

Semper Terran 

Build Orders: Reaper Expand 

Get SALT Encoding   

  12  0:00  SCV  
  13  0:13  SCV  
  14  0:18  Supply Depot  
  14  0:25  SCV  
  14  0:28  Refinery  
  15  0:39  SCV  
  16  0:45  Barracks  
  16  0:51  SCV  
  17  1:03  SCV  
  18  1:17  SCV  
  19  1:32  Orbital Command  
  19  1:33  Reaper  
  20  1:47  Command Center  
  20  1:57  Factory  
  20  1:58  SCV  
  20  1:59  Refinery  
  21  2:05  Supply Depot  
  21  2:06  Bunker  
  21  2:08  Barracks Reactor  
  21  2:16  SCV  
Show
View Real Time Build Order
Export as new Build Order

Kelazhur Terran - Winner!

Build Orders:  

Get SALT Encoding   

  12  0:00  SCV  
  13  0:12  SCV  
  14  0:18  Supply Depot  
  14  0:25  SCV  
  15  0:40  Barracks  
  15  0:44  Refinery  
  15  0:58  Barracks  
  15  1:00  SCV  
  16  1:12  SCV  
  16  1:17  Refinery  
  17  1:27  Reaper  
  17  1:32  Orbital Command  
  18  1:45  Reaper  
  19  1:49  Supply Depot  
  19  2:00  SCV  
  21  2:13  SCV  
  23  2:26  Engineering Bay  
Tags
 
Add a new tag
Caveats
  • Supply blocks, unpowered buildings, or Contaminate may cause inaccurate times.
  • Supply counts are checked every 10 seconds.